Map: [ESL] Glittering Ashes

Players

SKillous

  • Race: Protoss Protoss

Nice - Winner!

  • Race: Protoss Protoss

Event: IEM Katowice 2022

VOD

Have the link to the VOD?

Description

Time

  • Played on: Feb. 23, 2022, 8:02 a.m.
  • Length: 6:26

All games in this series

Show
View Real Time Build Order
Export as new Build Order

SKillous Protoss 

Build Orders: Proxy Void Ray 

Get SALT Encoding   

  12  0:00  Probe  
  13  0:12  Probe  
  14  0:18  Pylon  
  14  0:24  Probe  
  15  0:36  Gateway  
  15  0:37  Probe (Chrono Boost)  
  16  0:46  Probe (Chrono Boost), Assimilator  
  17  0:51  Probe (Chrono Boost)  
  18  1:02  Assimilator  
  18  1:03  Probe (Chrono Boost)  
  19  1:08  Gateway  
  19  1:12  Probe (Chrono Boost)  
  19  1:17  Probe (Chrono Boost)  
  20  1:24  Cybernetics Core  
  21  1:30  Probe  
  22  1:35  Pylon  
  22  1:42  Probe  
  23  1:55  Probe  
  23  2:00  Stalker x2  
  23  2:01  Warp Gate  
  28  2:07  Pylon  
  28  2:30  Stalker x2  
  32  2:40  Stargate  
  32  3:05  Nexus, Probe  
  33  3:14  Void Ray (Chrono Boost)  
  33  3:17  Pylon  
  37  3:35  Shield Battery  
  37  3:36  Shield Battery  
  37  3:44  Void Ray  
  37  3:52  Probe  
  32  4:13  Probe  
  30  4:18  Stalker x2  
  34  4:25  Probe  
  34  4:36  Pylon  
  34  4:38  Probe  
  35  4:41  Adept x2  
  39  4:50  Probe  
  40  5:01  Adept  
  40  5:02  Pylon  
  40  5:05  Adept  
  44  5:10  Probe  
  45  5:22  Probe  
  45  5:23  Sentry  
  45  5:26  Sentry  
  47  5:46  Adept  
  47  5:48  Gateway  
  47  5:49  Adept  
  46  6:07  Adept  
  46  6:09  Adept  
Show
View Real Time Build Order
Export as new Build Order

Nice Protoss - Winner!

Build Orders:  

Get SALT Encoding   

  12  0:00  Probe  
  13  0:12  Probe  
  14  0:17  Pylon  
  14  0:24  Probe  
  15  0:36  Probe (Chrono Boost)  
  15  0:37  Gateway  
  16  0:47  Assimilator, Probe (Chrono Boost)  
  17  0:51  Assimilator  
  17  0:53  Probe (Chrono Boost)  
  18  1:04  Probe (Chrono Boost)  
  18  1:08  Gateway  
  19  1:13  Probe (Chrono Boost)  
  20  1:18  Probe  
  20  1:25  Cybernetics Core  
  21  1:30  Probe  
  22  1:35  Pylon  
  22  1:42  Probe  
  23  1:54  Probe  
  23  1:59  Warp Gate (Chrono Boost)  
  24  2:02  Stalker x2  
  28  2:14  Pylon  
  28  2:19  Pylon  
  28  2:28  Shield Battery  
  28  2:32  Stalker  
  28  2:35  Stalker  
  31  2:40  Gateway  
  31  2:43  Probe  
  32  2:55  Shield Battery  
  32  3:26  Nexus  
  32  3:34  Adept x2  
  32  3:37  Adept  
  36  4:12  Probe  
  31  4:17  Twilight Council  
  31  4:20  Stalker x2  
  31  4:21  Stalker  
  37  4:26  Shield Battery  
  37  4:30  Shield Battery  
  37  4:34  Pylon  
  37  4:44  Sentry x3  
  43  5:07  Sentry  
  43  5:08  Pylon, Probe x2  
  47  5:25  Pylon  
  47  5:29  Stalker  
  47  5:31  Stalker  
  51  5:44  Stalker  
  53  5:57  Stalker  
  55  6:06  Stalker  
  55  6:09  Stalker  
  55  6:10  Probe x2  
  57  6:21  Stalker  

Tags
 
Add a new tag
Caveats
  • Supply blocks, unpowered buildings, or Contaminate may cause inaccurate times.
  • Supply counts are checked every 10 seconds.